| TOP OF THE 1ST |
|
Palm Beach Nationals batting - Pitching for Houston Colt .45's : LHP Mike Holloway
|
|
Pitching: LHP Mike Holloway
|
|
|
Batting: RHB Bobby Bricker
|
0-0: Swinging Strike 0-1: Called Strike 0-2: Strikes out looking
|
|
Batting: RHB Victor Cintron
|
0-0: Ball 1-0: Ground out 4-3 (Groundball, 4S, EV 87.5 MPH)
|
|
Batting: LHB Chance McWilliams
|
0-0: Ball 1-0: Foul Ball, location: 2F 1-1: Ground out 3-1 (Groundball, 34, EV 79.4 MPH)
|
| Top of the 1st over - 0 runs, 0 hits, 0 errors, 0 left on base; Palm Beach 0 - Houston 0 |
| BOTTOM OF THE 1ST |
|
Houston Colt .45's batting - Pitching for Palm Beach Nationals : LHP Johnny Busse
|
|
Pitching: LHP Johnny Busse
|
|
|
Batting: RHB Jarno van Lente
|
0-0: Foul Ball, location: 2F 0-1: Called Strike 0-2: Ball 1-2: Strikes out swinging
|
|
Batting: RHB Juan Mendoza
|
0-0: Called Strike 0-1: Foul Ball, location: 2F 0-2: Ball 1-2: Foul Ball, location: 2F 1-2: Foul Ball, location: 2F 1-2: Ball 2-2: Foul Ball, location: 2F 2-2: Strikes out swinging
|
|
Batting: LHB Bob Dietz
|
0-0: Ball 1-0: Foul Ball, location: 2F 1-1: Swinging Strike 1-2: Ball 2-2: Strikes out swinging
|
| Bottom of the 1st over - 0 runs, 0 hits, 0 errors, 0 left on base; Palm Beach 0 - Houston 0 |
| TOP OF THE 2ND |
|
Palm Beach Nationals batting - Pitching for Houston Colt .45's : LHP Mike Holloway
|
|
Batting: RHB Lamar Thornton
|
0-0: Ball 1-0: Ball 2-0: Swinging Strike 2-1: Ball 3-1: Base on Balls
|
|
Batting: RHB Chad Madsen
|
0-0: Ball 1-0: Ball 2-0: Grounds into double play, 6-4-3 (Groundball, 6, EV 85.0 MPH)
|
|
Batting: RHB Antonio Vallez
|
0-0: Ball 1-0: Ball 2-0: Called Strike 2-1: Ball 3-1: Foul Ball, location: 2F 3-2: Foul Ball, location: 2F 3-2: Foul Ball, location: 2F 3-2: Base on Balls
|
|
Batting: RHB Justin Van Houten
|
0-0: Ball 1-0: Ball Wild Pitch! Antonio Vallez to second 2-0: Ball 3-0: Called Strike 3-1: Foul Ball, location: 2F 3-2: Foul Ball, location: 2F 3-2: SINGLE (Groundball, 25, EV 63.1 MPH) (infield hit) Antonio Vallez to third
|
|
Pinch Runner at 1st Steve Kunselman:
|
|
|
Batting: RHB Jelexiz Cuenca
|
0-0: Called Strike 0-1: Ball 1-1: Called Strike 1-2: Ball 2-2: Foul Ball, location: 2F 2-2: Fielders Choice at 2nd, 6-4 (Groundball, 6, EV 105.0 MPH)
|
| Top of the 2nd over - 0 runs, 1 hit, 0 errors, 2 left on base; Palm Beach 0 - Houston 0 |
| BOTTOM OF THE 2ND |
|
Houston Colt .45's batting - Pitching for Palm Beach Nationals : LHP Johnny Busse
|
|
Now in CF: Vince McLane
|
|
|
Batting: SHB Danny Jensen
|
0-0: Swinging Strike 0-1: Swinging Strike 0-2: Ball 1-2: Strikes out swinging
|
|
Batting: LHB Jackson Trottier
|
0-0: Foul Ball, location: 2F 0-1: Ball 1-1: Called Strike 1-2: Strikes out swinging
|
|
Batting: RHB Keith Goodwin
|
0-0: Ball 1-0: Fly out, F7 (Line Drive, 7S, EV 87.5 MPH)
|
| Bottom of the 2nd over - 0 runs, 0 hits, 0 errors, 0 left on base; Palm Beach 0 - Houston 0 |
| TOP OF THE 3RD |
|
Palm Beach Nationals batting - Pitching for Houston Colt .45's : LHP Mike Holloway
|
|
Batting: RHB Justin Davenport
|
0-0: SINGLE (Groundball, 6MD, EV 104.4 MPH)
|
|
Batting: RHB Bobby Bricker
|
0-0: Ball 1-0: Ball 2-0: Ball 3-0: Base on Balls Justin Davenport to second
|
|
Batting: RHB Victor Cintron
|
0-0: Called Strike 0-1: Ball 1-1: 3-RUN HOME RUN (Flyball, 7D, EV 95.0 MPH), Distance : 366 ft
|
|
Batting: LHB Chance McWilliams
|
0-0: Called Strike 0-1: Reached on error, E4 (Groundball, 4S, EV 62.5 MPH)
|
|
Batting: RHB Lamar Thornton
|
0-0: Ball 1-0: Called Strike 1-1: DOUBLE (Flyball, 78D, EV 100.6 MPH) Chance McWilliams to third
|
|
Batting: RHB Chad Madsen
|
0-0: Ball 1-0: Foul Ball, location: 2F 1-1: Ball 2-1: Ball 3-1: Swinging Strike 3-2: Base on Balls
|
|
Batting: RHB Antonio Vallez
|
0-0: Ball 1-0: GRAND SLAM HOME RUN (Flyball, 7LD, EV 95.0 MPH), Distance : 353 ft
|
|
Batting: LHB Vince McLane
|
0-0: Called Strike 0-1: Ball 1-1: SINGLE (Flyball, 8RS, EV 95.0 MPH)
|
|
Pitching: RHP Gabe Allen
|
|
|
Batting: RHB Jelexiz Cuenca
|
0-0: Called Strike 0-1: Fielders Choice at 2nd, 5-4 (Groundball, 56, EV 99.4 MPH)
|
|
Batting: RHB Justin Davenport
|
0-0: Ball 1-0: Fly out, F8 (Flyball, 8LS, EV 80.0 MPH)
|
|
Batting: RHB Bobby Bricker
|
0-0: Foul Ball, location: 2F 0-1: 2-RUN HOME RUN (Flyball, 7D, EV 94.4 MPH), Distance : 380 ft
|
|
Batting: RHB Victor Cintron
|
0-0: Ball 1-0: Ball 2-0: Ball 3-0: Base on Balls
|
|
Batting: LHB Chance McWilliams
|
0-0: Ball 1-0: Ball 2-0: Swinging Strike 2-1: Ball 3-1: Base on Balls Victor Cintron to second
|
|
Batting: RHB Lamar Thornton
|
0-0: Ball 1-0: Called Strike 1-1: Foul Ball, location: 2F 1-2: Fielders Choice at 2nd, 5-4 (Groundball, 56, EV 98.8 MPH)
|
| Top of the 3rd over - 9 runs, 6 hits, 1 error, 2 left on base; Palm Beach 9 - Houston 0 |
| BOTTOM OF THE 3RD |
|
Houston Colt .45's batting - Pitching for Palm Beach Nationals : LHP Johnny Busse
|
|
Batting: LHB Lou Toth
|
0-0: Called Strike 0-1: Foul Ball, location: 2F 0-2: Strikes out swinging
|
|
Batting: RHB To-wai Chen
|
0-0: Ground out 5-3 (Groundball, 56S, EV 86.9 MPH)
|
|
Batting: SHB Miguel Sierra
|
0-0: Called Strike 0-1: Ball 1-1: Foul Ball, location: 2F 1-2: Strikes out swinging
|
| Bottom of the 3rd over - 0 runs, 0 hits, 0 errors, 0 left on base; Palm Beach 9 - Houston 0 |
| TOP OF THE 4TH |
|
Palm Beach Nationals batting - Pitching for Houston Colt .45's : RHP Gabe Allen
|
|
Batting: RHB Chad Madsen
|
0-0: SINGLE (Flyball, 89S, EV 90.6 MPH)
|
|
Batting: RHB Antonio Vallez
|
0-0: Hit by Pitch Chad Madsen to second
|
|
Batting: LHB Vince McLane
|
0-0: Swinging Strike 0-1: Ball 1-1: Ball 2-1: Swinging Strike 2-2: Foul Ball, location: 2F 2-2: SINGLE (Groundball, 4MD, EV 106.9 MPH) Chad Madsen to third Antonio Vallez to second Runner from 3rd tries for Home, SAFE, throw by CF to home
|
|
Pitching: RHP Mike Wirick
|
|
|
Batting: RHB Jelexiz Cuenca
|
0-0: Called Strike 0-1: Ball 1-1: Foul Ball, location: 2F 1-2: Fly out, F9 (Flyball, 9S, EV 86.9 MPH)
|
|
Batting: RHB Justin Davenport
|
0-0: Ball 1-0: Swinging Strike 1-1: Ball 2-1: Ball 3-1: Base on Balls Antonio Vallez to third Vince McLane to second
|
|
Batting: RHB Bobby Bricker
|
0-0: Ball 1-0: Ball 2-0: Ball 3-0: Base on Balls Antonio Vallez scores Vince McLane to third Justin Davenport to second
|
|
Batting: RHB Victor Cintron
|
0-0: Foul Ball, location: 2F 0-1: Called Strike 0-2: Fly out, F6 (Popup, 56, EV 63.8 MPH)
|
|
Batting: LHB Chance McWilliams
|
0-0: Foul Ball, location: 2F 0-1: Fly out, F7 (Line Drive, 7, EV 91.3 MPH)
|
| Top of the 4th over - 2 runs, 2 hits, 0 errors, 3 left on base; Palm Beach 11 - Houston 0 |
| BOTTOM OF THE 4TH |
|
Houston Colt .45's batting - Pitching for Palm Beach Nationals : LHP Johnny Busse
|
|
Batting: RHB Jarno van Lente
|
0-0: Ball 1-0: Ball 2-0: Foul Ball, location: 2F 2-1: Ball 3-1: Base on Balls
|
|
Batting: RHB Juan Mendoza
|
0-0: Called Strike 0-1: Foul Ball, location: 2F 0-2: Foul Ball, location: 2F 0-2: Strikes out swinging
|
|
Batting: LHB Bob Dietz
|
0-0: Called Strike Jarno van Lente steals 2nd base (no throw) 0-1: Called Strike 0-2: Ball 1-2: Strikes out swinging
|
|
Batting: SHB Danny Jensen
|
0-0: Swinging Strike 0-1: Ball 1-1: Ball 2-1: Called Strike 2-2: Fly out, F9 (Flyball, 89D, EV 100.0 MPH)
|
| Bottom of the 4th over - 0 runs, 0 hits, 0 errors, 1 left on base; Palm Beach 11 - Houston 0 |
| TOP OF THE 5TH |
|
Palm Beach Nationals batting - Pitching for Houston Colt .45's : RHP Mike Wirick
|
|
Pitching: RHP Greg Otto
|
|
|
Batting: RHB Lamar Thornton
|
0-0: Called Strike 0-1: Swinging Strike 0-2: Ball 1-2: SINGLE (Flyball, 6MD, EV 89.4 MPH)
|
|
Batting: RHB Chad Madsen
|
0-0: Called Strike 0-1: Ball 1-1: Ball 2-1: Ball 3-1: Foul Ball, location: 2F 3-2: Fly out, F9 (Flyball, 9D, EV 90.6 MPH)
|
|
Batting: RHB Antonio Vallez
|
0-0: Ball 1-0: Foul Ball, location: 2F 1-1: Foul Ball, location: 2F 1-2: Strikes out swinging
|
|
Batting: LHB Vince McLane
|
0-0: Called Strike 0-1: Ball 1-1: Called Strike 1-2: Ground out 1-3 (Groundball, P, EV 70.0 MPH)
|
| Top of the 5th over - 0 runs, 1 hit, 0 errors, 1 left on base; Palm Beach 11 - Houston 0 |
| BOTTOM OF THE 5TH |
|
Houston Colt .45's batting - Pitching for Palm Beach Nationals : LHP Johnny Busse
|
|
Batting: LHB Jackson Trottier
|
0-0: Called Strike 0-1: Swinging Strike 0-2: SINGLE (Groundball, 34D, EV 106.3 MPH)
|
|
Batting: RHB Keith Goodwin
|
0-0: Called Strike 0-1: Ball 1-1: Ball 2-1: SINGLE (Flyball, 56D, EV 96.3 MPH) Jackson Trottier to second
|
|
Batting: LHB Lou Toth
|
0-0: Ball 1-0: Fly out, F9 (Flyball, 9LD, EV 93.1 MPH) Runner from 2nd tags up, SAFE at 3rd, no throw by RF
|
|
Batting: RHB To-wai Chen
|
0-0: Ball 1-0: Called Strike 1-1: Swinging Strike 1-2: Strikes out swinging
|
|
Batting: SHB Miguel Sierra
|
0-0: Foul Ball, location: 2F 0-1: Foul Ball, location: 2F 0-2: Strikes out looking
|
| Bottom of the 5th over - 0 runs, 2 hits, 0 errors, 2 left on base; Palm Beach 11 - Houston 0 |
| TOP OF THE 6TH |
|
Palm Beach Nationals batting - Pitching for Houston Colt .45's : RHP Greg Otto
|
|
Pitching: RHP Russ Greer
|
|
|
Batting: RHB Jelexiz Cuenca
|
0-0: Ball 1-0: Ball 2-0: Ground out 5-3 (Groundball, 5S, EV 83.1 MPH)
|
|
Batting: RHB Justin Davenport
|
0-0: Ball 1-0: Swinging Strike 1-1: Ball 2-1: Ball 3-1: Base on Balls
|
|
Batting: RHB Bobby Bricker
|
0-0: Ball 1-0: Ball 2-0: Ball 3-0: Called Strike 3-1: Base on Balls Justin Davenport to second
|
|
Batting: RHB Victor Cintron
|
0-0: Ball 1-0: Foul Ball, location: 2F 1-1: Called Strike 1-2: Ball 2-2: Foul Ball, location: 2F 2-2: Fly out, F8 (Line Drive, 8LM, EV 92.5 MPH)
|
|
Pitching: RHP Hector Carrillo
|
|
|
Batting: LHB Chance McWilliams
|
0-0: Swinging Strike 0-1: Ball 1-1: Foul Ball, location: 2F 1-2: Foul Ball, location: 2F 1-2: Strikes out swinging
|
| Top of the 6th over - 0 runs, 0 hits, 0 errors, 2 left on base; Palm Beach 11 - Houston 0 |
| BOTTOM OF THE 6TH |
|
Houston Colt .45's batting - Pitching for Palm Beach Nationals : LHP Johnny Busse
|
|
Batting: RHB Jarno van Lente
|
0-0: SINGLE (Groundball, 2L, EV 65.0 MPH) (infield hit)
|
|
Batting: RHB Juan Mendoza
|
0-0: Ball 1-0: Foul Ball, location: 2F 1-1: Ball 2-1: Ball 3-1: Base on Balls Jarno van Lente to second
|
|
Batting: LHB Bob Dietz
|
0-0: SINGLE (Flyball, 5D, EV 94.4 MPH) Jarno van Lente to third Juan Mendoza to second
|
|
Batting: SHB Danny Jensen
|
0-0: Foul Ball, location: 2F 0-1: Ball 1-1: Ball 2-1: Foul Ball, location: 2F 2-2: Ball 3-2: Foul Ball, location: 2F 3-2: Grounds into double play, 5-4-3 (Groundball, 56, EV 102.5 MPH) Jarno van Lente scores Juan Mendoza to third
|
|
Batting: LHB Jackson Trottier
|
0-0: SINGLE (Groundball, 6M, EV 102.5 MPH) (infield hit) Juan Mendoza scores
|
|
Batting: RHB Keith Goodwin
|
0-0: Ball 1-0: Ball 2-0: Ball 3-0: Called Strike 3-1: Called Strike 3-2: Ground out 4-3 (Groundball, 4MS, EV 90.6 MPH)
|
| Bottom of the 6th over - 2 runs, 3 hits, 0 errors, 1 left on base; Palm Beach 11 - Houston 2 |
| TOP OF THE 7TH |
|
Palm Beach Nationals batting - Pitching for Houston Colt .45's : RHP Hector Carrillo
|
|
Batting: RHB Lamar Thornton
|
0-0: Foul Ball, location: 2F 0-1: Ball 1-1: Ball 2-1: Foul Ball, location: 2F 2-2: Ball 3-2: SINGLE (Groundball, 56D, EV 95.0 MPH)
|
|
Batting: RHB Chad Madsen
|
0-0: Ball 1-0: Ball 2-0: Ball 3-0: Base on Balls Lamar Thornton to second
|
|
Batting: RHB Antonio Vallez
|
0-0: Called Strike 0-1: Ball 1-1: Foul Ball, location: 2F 1-2: Ball 2-2: Foul Ball, location: 2F 2-2: Ball 3-2: Foul Ball, location: 2F 3-2: Foul Ball, location: 2F 3-2: Base on Balls Lamar Thornton to third Chad Madsen to second
|
|
Batting: LHB Vince McLane
|
0-0: Swinging Strike 0-1: Ball 1-1: Ball 2-1: Ball 3-1: DOUBLE (Flyball, 89XD, EV 91.9 MPH) Lamar Thornton scores Chad Madsen scores Antonio Vallez to third
|
|
Batting: RHB Jelexiz Cuenca
|
0-0: Ball 1-0: Ball 2-0: Called Strike 2-1: Foul Ball, location: 2F 2-2: Foul Ball, location: 2F 2-2: Foul Ball, location: 2F 2-2: Ball 3-2: Base on Balls
|
|
Batting: RHB Justin Davenport
|
0-0: Swinging Strike 0-1: Ball 1-1: Swinging Strike 1-2: Foul Ball, location: 2F 1-2: Foul Ball, location: 2F 1-2: Strikes out swinging
|
|
Batting: RHB Bobby Bricker
|
0-0: Called Strike 0-1: Ball 1-1: Swinging Strike 1-2: Ball 2-2: Ball 3-2: SINGLE (Groundball, 56S, EV 71.3 MPH) (infield hit) Antonio Vallez scores Vince McLane to third Jelexiz Cuenca to second
|
|
Pinch Hitting: RHB Jason Ewert
|
0-0: Ball 1-0: Grounds into double play, 5-4-3 (Groundball, 5, EV 83.1 MPH)
|
| Top of the 7th over - 3 runs, 3 hits, 0 errors, 2 left on base; Palm Beach 14 - Houston 2 |
| BOTTOM OF THE 7TH |
|
Houston Colt .45's batting - Pitching for Palm Beach Nationals : LHP Johnny Busse
|
|
Now at 2B: Jelexiz Cuenca
|
|
|
Now at SS: Jason Ewert
|
|
|
Batting: LHB Lou Toth
|
0-0: Ball 1-0: Called Strike 1-1: Ball 2-1: Foul Ball, location: 2F 2-2: Fly out, F9 (Flyball, 89S, EV 90.6 MPH)
|
|
Batting: RHB To-wai Chen
|
0-0: Ball 1-0: Fly out, F4 (Popup, 4, EV 70.6 MPH)
|
|
Batting: SHB Miguel Sierra
|
0-0: SINGLE (Line Drive, 6D, EV 99.4 MPH)
|
|
Batting: RHB Jarno van Lente
|
0-0: Ball Miguel Sierra is caught stealing 2nd base 2-4
|
| Bottom of the 7th over - 0 runs, 1 hit, 0 errors, 0 left on base; Palm Beach 14 - Houston 2 |
| TOP OF THE 8TH |
|
Palm Beach Nationals batting - Pitching for Houston Colt .45's : RHP Hector Carrillo
|
|
Batting: LHB Chance McWilliams
|
0-0: Called Strike 0-1: SINGLE (Groundball, 34S, EV 69.4 MPH) (infield hit)
|
|
Batting: RHB Lamar Thornton
|
0-0: Fly out, F9 (Flyball, 9D, EV 96.3 MPH)
|
|
Batting: RHB Chad Madsen
|
0-0: Called Strike 0-1: Ball 1-1: Ball 2-1: Ball 3-1: Base on Balls Chance McWilliams to second
|
|
Batting: RHB Antonio Vallez
|
0-0: Called Strike 0-1: Ball 1-1: Swinging Strike 1-2: Ball 2-2: Fly out, F7 (Line Drive, 7, EV 85.0 MPH)
|
|
Batting: LHB Vince McLane
|
0-0: Ball 1-0: Ball 2-0: Foul Ball, location: 2F 2-1: Foul Ball, location: 2F 2-2: Ball 3-2: Foul Ball, location: 2F 3-2: Ground out 4-3 (Groundball, 4, EV 90.0 MPH)
|
| Top of the 8th over - 0 runs, 1 hit, 0 errors, 2 left on base; Palm Beach 14 - Houston 2 |
| BOTTOM OF THE 8TH |
|
Houston Colt .45's batting - Pitching for Palm Beach Nationals : LHP Johnny Busse
|
|
Batting: RHB Jarno van Lente
|
0-0: Foul Ball, location: 2F 0-1: Foul Ball, location: 2F 0-2: Fly out, F8 (Flyball, 78M, EV 91.3 MPH)
|
|
Batting: RHB Juan Mendoza
|
0-0: Swinging Strike 0-1: Ball 1-1: Foul Ball, location: 2F 1-2: Ground out U3 (Groundball, 23, EV 92.5 MPH)
|
|
Batting: LHB Bob Dietz
|
0-0: Ball 1-0: SINGLE (Line Drive, 3D, EV 94.4 MPH)
|
|
Pitching: RHP John Kovach
|
|
|
Batting: SHB Danny Jensen
|
0-0: Foul Ball, location: 2F 0-1: Ball 1-1: Swinging Strike 1-2: Ball 2-2: Ball 3-2: Strikes out swinging
|
| Bottom of the 8th over - 0 runs, 1 hit, 0 errors, 1 left on base; Palm Beach 14 - Houston 2 |
| TOP OF THE 9TH |
|
Palm Beach Nationals batting - Pitching for Houston Colt .45's : RHP Hector Carrillo
|
|
Batting: RHB Jelexiz Cuenca
|
0-0: Ball 1-0: Ball 2-0: Ball 3-0: Foul Ball, location: 2F 3-1: SINGLE (Line Drive, 4D, EV 105.0 MPH)
|
|
Batting: RHB Justin Davenport
|
0-0: Ball 1-0: Ball 2-0: Ball 3-0: Base on Balls Jelexiz Cuenca to second
|
|
Batting: RHB Bobby Bricker
|
0-0: Ball 1-0: Called Strike 1-1: Called Strike 1-2: Foul Ball, location: 2F 1-2: Foul Ball, location: 2F 1-2: Foul Ball, location: 2F 1-2: SINGLE (Groundball, 5S, EV 73.1 MPH) (infield hit) Jelexiz Cuenca to third Justin Davenport to second
|
|
Batting: RHB Jason Ewert
|
0-0: Foul Ball, location: 2F 0-1: Ball 1-1: Called Strike 1-2: SINGLE (Line Drive, 56D, EV 104.4 MPH) Jelexiz Cuenca scores Justin Davenport to third Bobby Bricker to second
|
|
Batting: LHB Chance McWilliams
|
0-0: Ball 1-0: Ball 2-0: Foul Ball, location: 2F 2-1: Ball 3-1: Foul Ball, location: 2F 3-2: Base on Balls Justin Davenport scores Bobby Bricker to third Jason Ewert to second
|
|
Batting: RHB Lamar Thornton
|
0-0: Ball 1-0: Ball 2-0: Called Strike 2-1: GRAND SLAM HOME RUN (Flyball, 9D, EV 96.3 MPH), Distance : 362 ft
|
|
Batting: RHB Chad Madsen
|
0-0: Ball 1-0: Ball 2-0: Ball 3-0: Base on Balls
|
|
Batting: RHB Antonio Vallez
|
0-0: DOUBLE (Line Drive, 7LS, EV 100.0 MPH) Chad Madsen to third
|
|
Batting: LHB Vince McLane
|
0-0: Called Strike 0-1: Reached via error on a dropped throw from 1B, E1 (Groundball, 34, EV 80.6 MPH) Chad Madsen scores Antonio Vallez to third
|
|
Batting: RHB Jelexiz Cuenca
|
0-0: Foul Ball, location: 2F 0-1: SINGLE (Groundball, 34, EV 109.4 MPH) Antonio Vallez scores Vince McLane to second
|
|
Batting: RHB Justin Davenport
|
0-0: Swinging Strike 0-1: Ball 1-1: Ball 2-1: Called Strike 2-2: Ball 3-2: Base on Balls Vince McLane to third Jelexiz Cuenca to second
|
|
Batting: RHB Bobby Bricker
|
0-0: Foul Ball, location: 2F 0-1: SINGLE (Groundball, 6MD, EV 103.8 MPH) Vince McLane scores Jelexiz Cuenca to third Justin Davenport to second
|
|
Batting: RHB Jason Ewert
|
0-0: Swinging Strike 0-1: Called Strike 0-2: Foul Ball, location: 2F 0-2: Ball 1-2: Strikes out swinging
|
|
Batting: LHB Chance McWilliams
|
0-0: SINGLE (Line Drive, 89M, EV 93.8 MPH) Jelexiz Cuenca scores Justin Davenport to third Bobby Bricker to second Runner from 3rd tries for Home, SAFE, throw by RF to home
|
|
Batting: RHB Lamar Thornton
|
0-0: Ball 1-0: Ground out 6-3 (Groundball, P, EV 86.3 MPH) Bobby Bricker to third Chance McWilliams to second
|
|
Batting: RHB Chad Madsen
|
0-0: Foul Ball, location: 2F 0-1: SINGLE (Line Drive, 7S, EV 93.8 MPH) Bobby Bricker scores Chance McWilliams to third Runner from 3rd tries for Home, SAFE, throw by LF to home
|
|
Batting: RHB Antonio Vallez
|
0-0: Called Strike 0-1: Foul Ball, location: 2F 0-2: Ball 1-2: Fielders Choice at 2nd, 5-4 (Groundball, 56, EV 96.9 MPH)
|
| Top of the 9th over - 13 runs, 9 hits, 1 error, 1 left on base; Palm Beach 27 - Houston 2 |
| BOTTOM OF THE 9TH |
|
Houston Colt .45's batting - Pitching for Palm Beach Nationals : RHP John Kovach
|
|
Batting: LHB Jackson Trottier
|
0-0: Called Strike 0-1: Fly out, F9 (Flyball, 89S, EV 88.8 MPH)
|
|
Batting: RHB Keith Goodwin
|
0-0: Ground out 5-3 (Groundball, 15, EV 77.5 MPH)
|
|
Batting: LHB Lou Toth
|
0-0: Ball 1-0: Foul Ball, location: 2F 1-1: TRIPLE (Flyball, 7LD, EV 96.9 MPH)
|
|
Batting: RHB To-wai Chen
|
0-0: Ball 1-0: Called Strike 1-1: Ball 2-1: Ball 3-1: Foul Ball, location: 2F 3-2: Strikes out swinging
|
| Bottom of the 9th over - 0 runs, 1 hit, 0 errors, 1 left on base; Palm Beach 27 - Houston 2 |
|